 Dungeon Crawl Stone Soup version 0.22-a0-558-gc224181 (webtiles) character file.

123 nikopol the Firebug (level 4, 0/24 HPs)
             Began as a Deep Elf Fire Elementalist on June 27, 2018.
             Killed by nerve-wracking pain
             ... invoked by Grinder
              (6 damage)
             ... on level 3 of the Dungeon.
             The game lasted 00:05:34 (2639 turns).

nikopol the Firebug (Deep Elf Fire Elementalist)    Turns: 2639, Time: 00:05:34

Health: 0/24       AC:  2    Str:  5    XL:     4   Next: 80%
Magic:  6/12       EV: 13    Int: 21    God:
Gold:   75         SH:  0    Dex: 15    Spells: 1/11 levels left

rFire    . . .     SeeInvis .   (no weapon)
rCold    . . .     Gourm    .   (no shield)
rNeg     . . .     Faith    .   a - +0 robe
rPois    .         Spirit   .   (no helmet)
rElec    .         Reflect  .   (no cloak)
rCorr    .         Harm     .   (no gloves)
MR       .....                  (no boots)
Stlth    ++........             (no amulet)
HPRegen  0.08/turn              (no ring)
MPRegen  0.13/turn              (no ring)

@: very slightly contaminated
A: no striking features
a: no special abilities


You were on level 3 of the Dungeon.
You were not hungry.

You visited 1 branch of the dungeon, and saw 3 of its levels.

You collected 75 gold pieces.

Inventory:

Armour
 a - a +0 robe (worn)
Scrolls
 b - 5 scrolls of identify {unknown}
 d - a scroll of remove curse {unknown}
 e - a scroll of magic mapping {unknown}
 f - 2 scrolls of fog {unknown}
 h - 2 scrolls of enchant armour {unknown}
 o - a scroll of fear {unknown}
 p - 3 scrolls of teleportation {unknown}
Potions
 g - 2 potions of curing {unknown}
 i - a potion of invisibility {unknown}
 j - a potion of magic {unknown}
 k - a potion of haste {unknown}
 l - 2 potions of heal wounds {unknown}
 m - a potion of ambrosia {unknown}
 n - a potion of agility {unknown}
Comestibles
 c - 3 rations


   Skills:
 + Level 2.6 Dodging
 + Level 3.0 Stealth
 + Level 4.2 Spellcasting
 + Level 2.5 Conjurations
 + Level 4.6 Fire Magic


You had one spell level left.
You knew the following spells:

 Your Spells              Type           Power        Failure   Level  Hunger
a - Flame Tongue          Conj/Fire      ###..        2%          1    None
b - Throw Flame           Conj/Fire      ###...       4%          2    #......
c - Conjure Flame         Conj/Fire      ###.....     9%          3    ###....
d - Sticky Flame          Conj/Fire      ###.....     26%         4    ####...

Your spell library contained the following spells:

 Spells                   Type           Power        Failure   Level  Hunger
 Fireball                 Conj/Fire      ###.......   58%         5    ######.
 Inner Flame              Hex/Fire       ##......     14%         3    ###....


Dungeon Overview and Level Annotations

Branches:
Dungeon (3/15)

Altars:
Dithmenos

Annotations:
D:3 Grinder, Natasha


Message History

Confirm with . or Enter, or press ? or * to list all spells.
Aiming: Flame Tongue (safe; 2% risk of failure)
Press: ? - help, Shift-Dir - straight line, f/p - Grinder
Aim: Grinder (lightly wounded, covered in liquid flames)
You miscast Flame Tongue.
You are very lightly contaminated with residual magic.
Your hair stands on end.
Grinder burns!
Grinder hits you!
You writhe in agony.
* * * LOW HITPOINT WARNING * * *
Casting: Flame Tongue (safe; 2% risk of failure)
Confirm with . or Enter, or press ? or * to list all spells.
Aiming: Flame Tongue (safe; 2% risk of failure)
Press: ? - help, Shift-Dir - straight line, f/p - Grinder
Aim: Grinder (moderately wounded, covered in liquid flames)
The flame tongue hits Grinder.
Grinder is heavily wounded.
Grinder burns!
Grinder says, "DUCK!"
Grinder gestures at you. Pain shoots through your body!
You die...

#....# #.#..#
###### .. #.##
#....# ... #.#
#....# ## #.#
#....#
######.######..>.#
.................#
######.###..)..(.#
#.# #.##..5@#
#.###.##....#
#.#...##....#
#...####....#
######..## ######
........#
#####..## #.####
#....#


You could see Grinder (burning).

Vanquished Creatures
  An orc wizard (D:3)
  4 adders
  An ooze (D:2)
  An adder skeleton (D:3)
  A worm (D:3)
  2 dart slugs
  3 orcs (D:3)
  3 bats
  4 giant cockroaches
  5 hobgoblins
  6 kobolds
  3 quokkas
  4 frilled lizards
  3 goblins (D:1)
  4 rats
45 creatures vanquished.

Notes
Turn   | Place    | Note
-------+----------+-------------------------------------------
     0 | D:1      | nikopol the Deep Elf Fire Elementalist began the quest for the Orb.
     0 | D:1      | Reached XP level 1. HP: 10/10 MP: 6/6
   176 | D:1      | Reached XP level 2. HP: 15/15 MP: 4/8
   180 | D:1      | Learned a level 2 spell: Throw Flame
   923 | D:2      | Reached XP level 3. HP: 19/19 MP: 7/10
   928 | D:2      | Learned a level 3 spell: Conjure Flame
  1397 | D:3      | Found a shadowy altar of Dithmenos.
  1453 | D:3      | Reached XP level 4. HP: 18/24 MP: 3/11
  1462 | D:3      | Learned a level 4 spell: Sticky Flame
  1580 | D:3      | Found a faded altar of an unknown god.
  1705 | D:3      | Noticed Natasha
  2359 | D:3      | Noticed Grinder
  2530 | D:3      | Paralysed by Grinder for 2 turns
  2639 | D:3      | Killed from afar by Grinder

Vault maps used:
D:1:      lemuel_arrival_broad_hall, hangedman_decor_clover_reticule,
          kennysheep_crisscross
D:2:      minmay_strange_pillars
D:3:      cheibrodos_pilgrimage, nicolae_dithmenos_through_a_glass_darkly,
          chequers_ecumenical_altar_island, solitary_fountain, uniq_natasha,
          uniq_grinder

Skill      XL: |  1  2  3  4 |
---------------+-------------+-----
Fire Magic     | 4 |  4.6
Conjurations   | 2 |  2.5
Stealth        | 3 |  3.0
Spellcasting   | 4 |  4.2
Dodging        | |  2.6

Action                   |  1- 3 |  4- 6 || total
-------------------------+-------+-------++-------
 Cast: Flame Tongue      |    67 |    25 ||    92
       Throw Flame       |       |     4 ||     4
       Conjure Flame     |       |     2 ||     2
       Sticky Flame      |       |     1 ||     1
  Eat: Chunk             |     1 |     2 ||     3
       Ration            |       |     1 ||     1
Armor: Robe              |     1 |     1 ||     2
Dodge: Dodged            |    14 |     5 ||    19

Table legend:
 A = Spawn XP
 B = Non-spawn XP
 C = Spawn XP percentage of total XP
 D = Spawn monster count
 E = Non-spawn monster count
 F = Spawn count percentage of total count
 G = Total turns spent on level
                    A         B        C        D         E        F      G
               +---------+---------+-------+---------+---------+-------+---------
         Total |       0 |     177 |   0.0 |       0 |      45 |   0.0 |  2639
               +---------+---------+-------+---------+---------+-------+---------
           D:1 |       0 |      28 |   0.0 |       0 |      18 |   0.0 |   642
           D:2 |       0 |      31 |   0.0 |       0 |       7 |   0.0 |  1513
           D:3 |       0 |     118 |   0.0 |       0 |      20 |   0.0 |   484
               +---------+---------+-------+---------+---------+-------+---------
